 Seeded DCSS version 0.28-a0-1567-g1695149f81 (webtiles) character file.

Game seed: 42009 (custom seed)

214 knot the Chopper (level 5, 0/61 HPs)
             Began as a Demonspawn Berserker on Jan 20, 2022.
             Was a Believer of Trog.
             Succumbed to a water moccasin's poison
             ... on level 3 of the Dungeon.
             The game lasted 00:01:36 (2103 turns).

knot the Chopper (Demonspawn Berserker)             Turns: 2103, Time: 00:01:37

Health: 0/61       AC:  8    Str: 18    XL:     5   Next: 60%
Magic:  5/5        EV: 12    Int: 10    God:    Trog [**....]
Gold:   133        SH:  0    Dex: 12    Spells: 4/4 levels left

rFire   . . .      SeeInvis .   a - +0 hand axe
rCold   . . .      Faith    .   (no shield)
rNeg    . . .      Spirit   .   b - +0 animal skin
rPois   .          Reflect  .   (no helmet)
rElec   .          Harm     .   (no cloak)
rCorr   .          Rampage  .   (no gloves)
Will    .....                   (no boots)
Stlth   ..........              (no amulet)
HPRegen 0.20/turn               (no ring)
MPRegen 0.09/turn               (no ring)

@: berserking (expiring), lethally poisoned (0 -> -14), sanguine armoured,
invisible, very quick
A: sanguine armour 1, demonic touch 2
a: Renounce Religion, Berserk, Trog's Hand


You were on level 3 of the Dungeon.
You worshipped Trog.
Trog was pleased with you.
You visited 1 branch of the dungeon, and saw 3 of its levels.

You collected 133 gold pieces.

Inventory:

Hand Weapons
 a - a +0 hand axe (weapon)
Missiles
 c - 27 stones (quivered)
 h - 10 poisoned darts
Armour
 b - a +0 animal skin (worn)
Scrolls
 d - a scroll of blinking {unknown}
 e - a scroll of enchant weapon {unknown}
 j - a scroll of identify {unknown}
 k - a scroll of teleportation {unknown}
Potions
 f - a potion of magic {unknown}


   Skills:
 - Level 3.0 Fighting
 + Level 5.8 Axes
 - Level 1.7 Armour
 - Level 1.7 Dodging


You had 4 spell levels left.
You didn't know any spells.
Your spell library was empty.

Dungeon Overview and Level Annotations

Branches:
Dungeon (3/15)

Altars:
Fedhas
Hepliaklqana


Innate Abilities, Weirdness & Mutations

When seriously injured, your blood forms armour. (AC +6)
Your touch may inflict irresistible damage on your foes.


Message History

You are too injured to fight recklessly!
You barely miss the water moccasin. Your touch misses the water moccasin.
The water moccasin is heavily wounded.
You feel sick. The water moccasin misses you.
You catch the helpless water moccasin completely off-guard!
You slash the water moccasin!
The water moccasin is severely wounded.
You feel sick. The water moccasin bites you!
You miss the water moccasin.
The water moccasin is severely wounded.
You feel sick. The water moccasin bites you.
* * * LOW HITPOINT WARNING * * *
You closely miss the water moccasin. Your touch misses the water moccasin.
The water moccasin is severely wounded.
You feel sick. The water moccasin bites you.
* * * LOW HITPOINT WARNING * * *
You are lethally poisoned!
The water moccasin poisons you!
You closely miss the water moccasin.
You touch the water moccasin.
The water moccasin is almost dead.
* * * LOW HITPOINT WARNING * * *
You feel very sick. The water moccasin barely misses you.
You slash the water moccasin!
You kill the water moccasin!
Trog accepts your kill.
* * * LOW HITPOINT WARNING * * *
You feel very sick.
You feel your strength returning.
You feel your intelligence returning.
You feel your dexterity returning.
Your Axes skill increases to level 5!
You have reached level 5!
Your demonic ancestry asserts itself...
You feel your blood ready itself to protect you.
Your blood congeals into armour.
* * * LOW HITPOINT WARNING * * *
You feel very sick.
Unknown command.
You feel a strong urge to attack something.
You die...

#.... #.#. ##.#.# ##.#.
#....####....
#.....)....#.
#>..#####.### #.).#
#.##. #
######...#####<#..
#..##..)..............
#....@†..)..........÷.
#....##.............÷...
### ######...######...
#...######...
#.#.#........
#...#.####.##
.......##... #.#.##.#.
######### #......#.


There were no monsters in sight!

Vanquished Creatures
  A water moccasin (D:3)
  An iguana (D:2)
  3 gnolls (D:3)
  An adder (D:2)
  A worm (D:3)
  7 endoplasms
  A giant cockroach (D:3)
  4 goblins
  3 hobgoblins (D:3)
  7 kobolds
  A ball python (D:1)
  6 bats
  A frilled lizard (D:2)
  8 rats
45 creatures vanquished.

Notes
Turn   | Place    | Note
-------+----------+-------------------------------------------
     0 | D:1      | knot the Demonspawn Berserker began the quest for the Orb.
     0 | D:1      | Reached XP level 1. HP: 18/18 MP: 1/1
   111 | D:1      | Reached skill level 3 in Axes
   213 | D:1      | Gained mutation: Your touch may inflict minor irresistible
                  | damage on your foes. [demonic ancestry]
   213 | D:1      | Reached XP level 2. HP: 11/24 MP: 2/2
   696 | D:1      | You fall into a shaft and drop 1 floor!
  1083 | D:2      | Reached XP level 3. HP: 23/29 MP: 3/3
  1452 | D:2      | Reached skill level 4 in Axes
  1752 | D:3      | Reached ** piety under Trog
  1754 | D:3      | Gained mutation: Your touch may inflict irresistible damage
                  | on your foes. [demonic ancestry]
  1754 | D:3      | Reached XP level 4. HP: 35/35 MP: 4/4
  1776 | D:3      | Found a blossoming altar of Fedhas.
  1950 | D:3      | Found a hazy altar of Hepliaklqana.
  2084 | D:3      | Noticed a water moccasin
  2101 | D:3      | Killed a water moccasin
  2102 | D:3      | Reached skill level 5 in Axes
  2102 | D:3      | Gained mutation: When seriously injured, your blood forms
                  | armour. (AC +6) [demonic ancestry]
  2102 | D:3      | Reached XP level 5. HP: 5/41 MP: 5/5
  2102 | D:3      | HP: 2/61 [poisoned by a water moccasin]
  2103 | D:3      | Succumbed to a water moccasin's poison

Illustrated notes

Levels and vault maps discovered:
D:1:      dpeg_arrival_rhombus, layout_loops_ring,
          hellmonk_ecumenical_altar_inner_sanctum, st_stairs_1,
          patterned_corridor
D:2:      layout_loops_corners, minivault_26
D:3:      minmay_roachtagon, layout_loops_cross, fedhas_altar_1,
          worldfamousw_hep_ancestral_shrine

Skill      XL: |  1  2  3  4 |
---------------+-------------+-----
Axes           | 3 4 5 |  5.8
Fighting       | |  3.0
Armour         | |  1.7
Dodging        | |  1.7

Action                   |  1- 3 |  4- 6 || total
-------------------------+-------+-------++-------
Melee: Hand axe          |    76 |    28 ||   104
       Touch             |     7 |     9 ||    16
       Punch             |     1 |       ||     1
Invok: Berserk           |     1 |     2 ||     3
  Use: Potion            |       |     3 ||     3
 Stab: Sleeping          |       |     2 ||     2
       Invisible         |       |     1 ||     1
Armor: Animal skin       |    14 |       ||    14
Dodge: Dodged            |    50 |    15 ||    65

Table legend: (Time is in decaauts)
 A = Elapsed time spent in this place.
 B = Non-inter-level travel time spent in this place.
 C = Inter-level travel time spent in this place.
 D = Time resting spent in this place.
 E = Time spent auto-exploring this place.
 F = Levels seen in this place.
 G = Mean time per level.
                   A        B        C        D        E       F      G
               +--------+--------+--------+--------+--------+-----+--------+
         Total |   2126 |   2103 |     23 |    236 |   1590 |   3 |  708.7 |
       Dungeon |   2126 |   2103 |     23 |    236 |   1590 |   3 |  708.7 |
               +--------+--------+--------+--------+--------+-----+--------+

Top non-repeatable levels by time:
     D:2: 1034 daAuts
     D:1: 708 daAuts
     D:3: 382 daAuts
